Map: Gresvan LE

Players

Galeforce

  • Race: Protoss Protoss
  • League: Master
  • Spawn Location: 11:00

ZoRo - Winner!

  • Race: Zerg Zerg
  • League: Master
  • Spawn Location: 5:00

VOD

Have the link to the VOD?

Description

Time

  • Played on: June 25, 2023, 3:38 p.m.
  • Length: 7:46
Show
View Real Time Build Order
Export as new Build Order

Galeforce Protoss 

Build Orders: 1 Gate Expand, Oracle Opening 

Get SALT Encoding   

  12  0:00  Probe  
  13  0:12  Probe  
  14  0:20  Pylon  
  14  0:24  Probe  
  15  0:38  Probe (Chrono Boost)  
  15  0:40  Gateway  
  16  0:47  Probe (Chrono Boost)  
  16  0:48  Assimilator  
  17  0:52  Probe  
  18  1:04  Probe  
  19  1:16  Probe  
  20  1:25  Nexus  
  20  1:35  Cybernetics Core  
  20  1:38  Probe  
  21  1:46  Assimilator  
  21  1:51  Probe  
  21  1:53  Pylon  
  22  2:03  Probe  
  22  2:08  Adept (Chrono Boost)  
  23  2:15  Probe  
  26  2:23  Stargate  
  26  2:28  Probe (Chrono Boost)  
  27  2:31  Adept  
  29  2:37  Warp Gate  
  29  2:39  Probe (Chrono Boost)  
  29  2:40  Probe (Chrono Boost)  
  31  2:48  Probe (Chrono Boost)  
  31  2:49  Probe (Chrono Boost)  
  33  2:53  Probe (Chrono Boost)  
  33  2:54  Probe  
  36  3:05  Probe  
  36  3:07  Oracle  
  36  3:10  Adept  
  36  3:11  Probe  
  42  3:17  Probe  
  42  3:18  Pylon  
  43  3:25  Gateway  
  43  3:28  Probe  
  43  3:33  Probe  
  45  3:37  Shield Battery  
  45  3:40  Probe  
  46  3:44  Nexus  
  46  3:48  Pylon  
  46  3:53  Probe x2  
  48  3:57  Oracle  
  51  4:05  Probe x2  
  53  4:12  Twilight Council  
  53  4:13  Forge  
  53  4:17  Probe  
  53  4:18  Probe  
  55  4:29  Probe  
  55  4:31  Probe, Gateway  
  57  4:36  Shield Battery  
  57  4:39  Gateway, Oracle  
  57  4:41  Probe  
  57  4:43  Probe  
  62  4:47  Charge (Chrono Boost), Pylon  
  62  4:49  Pylon  
  62  4:56  Protoss Ground Weapons Level 1 (Chrono Boost)  
  62  4:58  Probe x3  
  65  5:09  Zealot x2  
  65  5:11  Probe x3  
  72  5:15  Gateway  
  72  5:19  Gateway  
  72  5:23  Probe  
  72  5:28  Probe x2  
  75  5:33  Zealot x4  
  83  5:38  Probe  
  83  5:40  Probe x2  
  86  5:47  Gateway  
  86  5:48  Gateway  
  86  5:50  Pylon  
  86  5:56  Nexus  
  86  5:59  Zealot x2  
  86  6:01  Zealot  
  92  6:09  Zealot x2  
  92  6:10  Templar Archives  
  96  6:17  Zealot  
  98  6:19  Probe x2  
  98  6:21  Pylon  
  98  6:24  Pylon  
  100  6:34  Assimilator  
  100  6:35  Robotics Facility  
  100  6:37  Assimilator  
  84  6:47  Zealot x4  
  84  6:48  Zealot x4  
  87  7:04  Probe x3  
  90  7:09  Zealot  
  90  7:10  Zealot x3  
  90  7:11  Zealot x4  
  67  7:30  Zealot x3  
  67  7:31  Zealot x5  
Show
View Real Time Build Order
Export as new Build Order

ZoRo Zerg - Winner!

Build Orders: Hatch First 

Get SALT Encoding   

  12  0:00  Drone  
  13  0:12  Overlord  
  13  0:17  Drone  
  14  0:30  Drone x2  
  16  0:48  Hatchery  
  15  0:53  Drone  
  15  0:55  Drone  
  17  0:58  Drone  
  18  1:08  Extractor  
  17  1:14  Spawning Pool  
  17  1:16  Drone  
  17  1:19  Drone  
  18  1:28  Drone  
  19  1:38  Drone  
  20  1:49  Overlord  
  20  2:00  Queen x2  
  24  2:01  Zergling x4  
  26  2:10  Drone  
  27  2:19  Hatchery  
  27  2:22  Drone  
  27  2:25  Drone  
  27  2:27  Drone  
  29  2:36  Queen  
  31  2:41  Overlord  
  31  2:45  Metabolic Boost  
  31  2:49  Drone  
  31  2:51  Drone  
  33  2:53  Drone  
  33  2:56  Drone  
  33  2:58  Drone  
  36  3:05  Drone x2  
  38  3:07  Overlord  
  38  3:10  Drone  
  40  3:12  Drone  
  40  3:16  Drone  
  40  3:17  Drone  
  40  3:18  Drone  
  43  3:21  Zergling x2  
  43  3:25  Zergling x2  
  45  3:28  Drone  
  46  3:35  Spore Crawler  
  46  3:37  Drone x2, Spore Crawler  
  46  3:44  Drone x2  
  46  3:45  Drone, Queen  
  51  3:50  Overlord  
  51  3:51  Drone x2  
  51  3:53  Drone  
  51  3:54  Drone  
  55  3:55  Drone  
  55  3:57  Zergling x2  
  55  3:59  Zergling x2  
  58  4:08  Lair  
  58  4:09  Drone  
  60  4:10  Drone x2  
  60  4:12  Drone  
  60  4:14  Drone  
  60  4:16  Drone  
  64  4:18  Drone x2  
  64  4:19  Overlord  
  64  4:23  Overlord  
  66  4:27  Extractor  
  66  4:28  Extractor x2  
  66  4:30  Extractor  
  62  4:35  Drone x3  
  65  4:55  Spore Crawler  
  64  5:00  Overlord x2  
  64  5:01  Overlord x3  
  64  5:13  Hydralisk Den  
  63  5:42  Muscular Augments, Hydralisk x12  
  65  5:43  Hydralisk  
  65  5:45  Zergling x2  
  65  5:46  Zergling x14  
  97  5:52  Hydralisk x2  
  97  5:55  Hydralisk  
  103  5:57  Zergling x6  
  103  5:58  Zergling x4  
  103  6:00  Overlord  
  103  6:03  Overlord  
  108  6:06  Hydralisk  
  108  6:09  Hydralisk  
  112  6:14  Lurker Den  
  111  6:25  Hydralisk x3  
  111  6:27  Zergling x6  
  111  6:29  Zergling x2  
  111  6:30  Zergling x2  
  118  6:41  Zergling x8  
  116  6:48  Hydralisk x4  
  123  7:02  Overlord  
  123  7:03  Zergling x12  
  126  7:17  Zergling x8  
  126  7:18  Zergling x2  
  126  7:21  Zergling x2  
  126  7:22  Zergling x2  
  116  7:24  Zergling x2  
  116  7:28  Zergling x4  
Tags
 
Add a new tag
Caveats
  • Supply blocks, unpowered buildings, or Contaminate may cause inaccurate times.
  • Supply counts are checked every 10 seconds.